 Dungeon Crawl Stone Soup version 0.29-a0-830-gcb1280458a (webtiles) character file.

Game seed: 781654550622761012

313 Ijustatesigmund the Conjurer (level 6, -1/32 HPs)
             Began as a Deep Elf Earth Elementalist on July 12, 2022.
             Slain by an ogre
             ... wielding a +0 giant club
              (5 damage)
             ... on level 4 of the Dungeon.
             The game lasted 00:07:55 (3544 turns).

Ijustatesigmund the Conjurer (DEEE)                 Turns: 3544, Time: 00:07:56

Health: -1/32      AC: 13    Str:  5    XL:     6   Next: 19%
Magic:  14/14      EV: 12    Int: 28    God:
Gold:   195        SH:  0    Dex: 15    Spells: 7/13 levels left

rFire   x . .      SeeInvis .   g - +2 mace (protect)
rCold   x . .      Faith    .   (no shield)
rNeg    . . .      Spirit   .   a - +0 robe
rPois   +          Reflect  .   j - +0 helmet
rElec   .          Harm     .   (no cloak)
rCorr   .          Rampage  .   f - +1 pair of gloves
Will    .....                   (no boots)
Stlth   ++........              i - amulet of Elemental Vulnerability {rPois rF-- rC-- AC+8}
HPRegen 0.10/turn               o - +6 ring of intelligence
MPRegen 0.14/turn               p - ring of protection from fire

@: about to teleport
A: cold resistance 1, poison resistance, sturdy frame 1
a: no special abilities


You were on level 4 of the Dungeon.
You visited 1 branch of the dungeon, and saw 4 of its levels.

You collected 195 gold pieces.

Inventory:

Hand Weapons
 g - a +2 mace of protection (weapon)
Armour
 a - a +0 robe (worn)
 f - a +1 pair of gloves (worn)
 j - a +0 helmet (worn)
Jewellery
 i - the amulet of Elemental Vulnerability (around neck) {rPois rF-- rC-- AC+8}
   (You found it on level 2 of the Dungeon)

   [amulet of nothing]

   AC:        It affects your AC (+8).
   rF:        It makes you very vulnerable to fire.
   rC:        It makes you very vulnerable to cold.
   rPois:     It protects you from poison.
 o - a +6 ring of intelligence (left hand)
 p - a ring of protection from fire (right hand)
Scrolls
 d - a scroll of teleportation
Potions
 b - a potion of magic
 c - a potion of curing
 e - 2 potions of brilliance
 h - a potion of resistance {unknown}
 k - a potion of attraction {unknown}
 l - 2 potions of mutation
 m - a potion of heal wounds {unknown}
 n - a potion of haste {unknown}


   Skills:
 - Level 2.4 Dodging
 - Level 2.4 Stealth
 + Level 4.3 Spellcasting
 + Level 5.4 Conjurations
 + Level 1.5 Transmutations
 + Level 4.2 Earth Magic


You had 7 spell levels left.
You knew the following spells:

 Your Spells              Type           Power      Damage    Failure   Level
a - Sandblast             Erth           58%        2d13      1%          1
b - Stone Arrow           Conj/Erth      66%        3d11      3%          3
c - Passwall              Tmut/Erth      18%        N/A       3%          2

Your spell library contained the following spells:

 Spells                   Type           Power      Damage    Failure   Level
 Foxfire                  Conj/Fire      84%        2x1d8     2%          1
 Freeze                   Ice            24%        1d5       7%          1
 Conjure Flame            Conj/Fire      21%        6-21      7%          3
 Frozen Ramparts          Ice            12%        1d3       22%         3
 Inner Flame              Hex/Fire       6%         N/A       22%         3
 Petrify                  Tmut/Erth      22%        N/A       22%         4
 Flame Wave               Conj/Fire      21%        2d7       24%         4
 Hailstorm                Conj/Ice       21%        3d6       24%         4
 Animate Armour           Summ/Erth      36%        N/A       30%         4
 Conjure Ball Lightning   Conj/Air       10%        3x3d6     98%         6
 Discord                  Hex            3%         N/A       100%        8
 Disjunction              Tloc           3%         N/A       100%        8
 Lehudib's Crystal Spear  Conj/Erth      16%        10d5      100%        8


Dungeon Overview and Level Annotations

Branches:
Dungeon (4/15)
 Temple: D:4-7

Altars:
Dithmenos


Innate Abilities, Weirdness & Mutations

Your flesh is cold resistant. (rC+)
Your system is resistant to poisons. (rPois)
Your movements are slightly less encumbered by armour. (ER -2)


Message History

The gnoll sergeant hits you but does no damage.
The gnoll hits you but does no damage. x2
The gnoll sergeant hits you with a +3 trident of freezing!
The gnoll sergeant freezes you. The gnoll hits you but does no damage.
The gnoll hits you from afar with a +0 spear!
* * * LOW HITPOINT WARNING * * *
As you read the scroll of teleportation, it crumbles to dust.
You feel strangely unstable.
An ogre comes into view. It is wielding a +0 giant club.
The gnoll hits you but does no damage. x2
The gnoll sergeant hits you but does no damage.
The gnoll attacks as you move away! The gnoll hits you with a +0 club.
* * * LOW HITPOINT WARNING * * *
The gnoll barely misses you.
The gnoll sergeant hits you from afar with a +3 trident of freezing.
* * * LOW HITPOINT WARNING * * *
The gnoll sergeant freezes you.
* * * LOW HITPOINT WARNING * * *
The gnoll attacks as you move away! The gnoll hits you but does no damage.
The gnoll attacks as you move away! The gnoll hits you but does no damage.
Your surroundings seem slightly different.
Found a dagger.
The ogre shouts!
It was a potion of mutation.
You feel extremely strange.
You feel resistant to cold.
You feel less encumbered by your armour.
You feel resistant to poisons. The gnoll barely misses you.
The ogre closely misses you.
The gnoll sergeant hits you but does no damage.
You feel better. The gnoll sergeant barely misses you.
The gnoll hits you but does no damage.
As you read the scroll of teleportation, it crumbles to dust.
You feel strangely unstable. The ogre barely misses you. The goblin misses you.
The gnoll sergeant hits you from afar with a +3 trident of freezing.
* * * LOW HITPOINT WARNING * * *
The gnoll sergeant freezes you.
* * * LOW HITPOINT WARNING * * *
The gnoll barely misses you. The gnoll closely misses you.
The ogre hits you with a +0 giant club.
You die...

.#................ ....
................###....
.......†........#....##.
.........<......#...)...
........................
.......#.....gg.........
.......##.....g.g.......
#....#..#.....ggO.......
#....#....#.###.@..#..#
.....##.###.. ##...#
.....##. ...# ###....
.#..... ##.# .....#
....# .... ..... ...#
..... #.... .<.## .....
.... ....###..... ..#
.....#......


You could see an ogre, a gnoll sergeant, 4 gnolls and a goblin.

Vanquished Creatures
  A hound (D:3)
  Natasha (D:2)
  An iguana (D:4)
  2 orc wizards
  A gnoll (D:3)
  8 adders
  3 worms
  A dart slug (D:2)
  8 orcs
  6 ball pythons
  2 bats (D:2)
  9 endoplasms
  5 giant cockroaches
  3 goblins
  5 hobgoblins
  13 jackals
  5 quokkas
  4 kobolds
  2 rats
80 creatures vanquished.

Notes
Turn   | Place    | Note
-------+----------+-------------------------------------------
     0 | D:1      | Ijustatesigmund the Deep Elf Earth Elementalist began the
                  | quest for the Orb.
     0 | D:1      | Reached XP level 1. HP: 10/10 MP: 6/6
   644 | D:1      | Reached XP level 2. HP: 15/15 MP: 6/8
   884 | D:2      | Found the amulet of Elemental Vulnerability {rPois rF--
                  | rC-- AC+8}
  1022 | D:2      | Reached XP level 3. HP: 19/19 MP: 6/10
  1036 | D:2      | Learned a level 3 spell: Stone Arrow
  1039 | D:2      | Learned a level 2 spell: Passwall
  1115 | D:2      | Reached skill level 1 in Conjurations
  1257 | D:2      | Reached skill level 2 in Conjurations
  1441 | D:2      | Noticed Natasha
  1446 | D:2      | Killed Natasha
  1447 | D:2      | Reached XP level 4. HP: 24/24 MP: 9/12
  1511 | D:2      | Reached skill level 3 in Conjurations
  1687 | D:3      | Found a shadowy altar of Dithmenos.
  1817 | D:3      | Reached skill level 4 in Conjurations
  1817 | D:3      | Reached XP level 5. HP: 28/28 MP: 11/13
  2305 | D:3      | Found a faded altar of an unknown god.
  2986 | D:4      | Reached skill level 5 in Conjurations
  3272 | D:4      | Reached XP level 6. HP: 32/32 MP: 9/14
  3541 | D:4      | Gained mutation: Your flesh is cold resistant. (rC+)
                  | [potion of mutation]
  3541 | D:4      | Gained mutation: Your movements are slightly less
                  | encumbered by armour. (ER -2) [potion of mutation]
  3541 | D:4      | Gained mutation: Your system is resistant to poisons.
                  | (rPois) [potion of mutation]
  3544 | D:4      | Slain by an ogre

Illustrated notes

Levels and vault maps discovered:
D:1:      dpeg_arrival_radiant, layout_rooms, minmay_misc_feat_chi
D:2:      layout_loops_ring, mrwooster_statue_mirror, uniq_natasha
D:3:      layout_basic, grunt_dithmenos_smoke, basic_ecumenical_altar,
          minmay_misc_feat_encased, bh_walls_and_bars
D:4:      layout_cave_pools, uniq_crazy_yiuf_cottage, uniq_blork_the_orc

Skill      XL: |  1  2  3  4  5 |
---------------+----------------+-----
Spellcasting   | 4 |  4.3
Earth Magic    | 4 |  4.2
Conjurations   | 2 4 5 |  5.4
Dodging        | |  2.4
Stealth        | |  2.4
Transmutations | |  1.5

Action                   |  1- 3 |  4- 6 || total
-------------------------+-------+-------++-------
Melee: Short sword       |    28 |       ||    28
       Mace              |       |    37 ||    37
 Cast: Sandblast         |    40 |    61 ||   101
       Stone Arrow       |       |     5 ||     5
  Use: Scroll            |     8 |     3 ||    11
       Potion            |       |     2 ||     2
Armor: Robe              |    17 |    97 ||   114
Dodge: Dodged            |    28 |   102 ||   130

Table legend: (Time is in decaauts)
 A = Elapsed time spent in this place.
 B = Non-inter-level travel time spent in this place.
 C = Inter-level travel time spent in this place.
 D = Time resting spent in this place.
 E = Time spent auto-exploring this place.
 F = Levels seen in this place.
 G = Mean time per level.
                   A        B        C        D        E       F      G
               +--------+--------+--------+--------+--------+-----+--------+
         Total |   3653 |   3605 |     48 |    513 |   2476 |   4 |  913.2 |
       Dungeon |   3653 |   3605 |     48 |    513 |   2476 |   4 |  913.2 |
               +--------+--------+--------+--------+--------+-----+--------+

Top non-repeatable levels by time:
     D:3: 1409 daAuts
     D:2: 1017 daAuts
     D:1: 713 daAuts
     D:4: 513 daAuts
